 Dungeon Crawl Stone Soup version 0.20.1-1-g8b1a95d (webtiles) character file.

21 Greyaxe the Skirmisher (level 2, -5/24 HPs)
             Began as a Demonspawn Abyssal Knight on Aug 11, 2017.
             Was a Follower of Lugonu.
             Engulfed by a cloud of flame (29 damage)
             ... on level 1 of the Dungeon.
             The game lasted 00:07:41 (1266 turns).

Greyaxe the Skirmisher (Demonspawn Abyssal Knight)  Turns: 1266, Time: 00:07:41

Health: -5/24      AC:  6    Str: 12    XL:     2   Next: 65%
Magic:  3/3        EV:  9    Int: 13    God:    Lugonu [*.....]
Gold:   33         SH:  0    Dex: 12    Spells: 1/1 levels left

rFire    . . .     SeeInvis .   a - +1 hand axe
rCold    . . .     Gourm    .   (no shield)
rNeg     . . .     Faith    .   h - +0 scale mail {MR+}
rPois    .         Spirit   .   (no helmet)
rElec    .         Reflect  .   (no cloak)
rCorr    .         Harm     .   (no gloves)
MR       +....                  (no boots)
Stlth    ..........             (no amulet)
Regen    0.1/turn               (no ring)
MPRegen  0.1/turn               (no ring)

@: no status effects
A: hooves 1
a: Depart the Abyss, Renounce Religion


You were on level 1 of the Dungeon.
You worshipped Lugonu.
Lugonu was aware of your devotion.
You were very hungry.

You visited 1 branch of the dungeon, and saw 1 of its levels.
You visited the Abyss 1 time.

You collected 33 gold pieces.

Inventory:

Hand Weapons
 a - a +1 hand axe (weapon)
Armour
 b - a +0 leather armour
 h - a +0 scale mail of magic resistance (worn)
Jewellery
 e - an uncursed amulet of rage {unknown}
Scrolls
 f - a scroll of identify {unknown}
 i - a scroll of enchant armour {unknown}
 j - a scroll of remove curse {unknown}
 k - a scroll of amnesia {unknown}
Potions
 d - 2 potions of curing {unknown}
Comestibles
 c - a bread ration
 g - 2 royal jellies


   Skills:
 + Level 3.5 Fighting
 + Level 2.1 Axes
 + Level 2.0 Armour
 + Level 0.8 Dodging
 + Level 2.6 Invocations


You had one spell level left.
You didn't know any spells.

Dungeon Overview and Level Annotations

Branches:
Dungeon (1/15)

Altars:


Innate Abilities, Weirdness & Mutations

You have large cloven feet.


Message History

Partly explored, can't reach some places.
Partly explored, can't reach some places.
There is an open door here.
Things that are here:
a whip; a kobold corpse You open the door.
There is an open door here.
You open the door.
There is an open door here.
You see here a bat skeleton.
You open the door.
You are feeling very hungry.
There is an open door here.
There is an open door here.
You see here a bat skeleton.
There is an open door here.
Really walk into a travel-excluded area?
You are engulfed in blazing flames.
Ouch! That really hurt!
You die...

..........# #§§§# #.
#######...#####...##### #.
##...§.§.....§§§.## #.
#...§§§..$$.§§§..# #.
#.#.§§§.$$$.§§§..## ###.
##'######...#####..# #... ##...#
#§§§# ##.# ##... ##....# #§§§#
#..# ##.... # ##.....# #§@§#
##.###.....
####......#####...######.##......
...'.....÷...'...................
####.........####...#.##.##......
# ##.......## #........###.....
##.....## ##.##..####......
##.).## #.##..# #.##.##
###'####### #.##..# #.##.#
#.........# #.##..# #.##.##


There were no monsters in sight!

Vanquished Creatures
  2 dart slugs (D:1)
  2 bats (D:1)
  A giant cockroach (D:1)
  A goblin (D:1)
  2 hobgoblins (D:1)
  3 jackals (D:1)
  A frilled lizard (D:1)
  2 kobolds (D:1)
  2 rats (D:1)
16 creatures vanquished.

Vanquished Creatures (others)
  A goblin (D:1)
  A hobgoblin (D:1)
2 creatures vanquished.

Grand Total: 18 creatures vanquished

Notes
Turn   | Place    | Note
-------+----------+-------------------------------------------
     0 | Abyss:1  | Greyaxe the Demonspawn Abyssal Knight began the quest for the Orb.
     0 | Abyss:1  | Reached XP level 1. HP: 18/18 MP: 2/2
     0 | D:1      | Escaped the Abyss
   406 | D:1      | Reached * piety under Lugonu
   775 | D:1      | Gained mutation: You have large cloven feet. [demonic ancestry]
   775 | D:1      | Reached XP level 2. HP: 17/24 MP: 3/3
  1266 | D:1      | Engulfed by a cloud of flame

Skill      XL: |  1  2 |
---------------+-------+-----
Axes           | 2 |  2.1
Armour         | 2 |  2.0
Fighting       | |  3.5
Dodging        | |  0.8
Invocations    | |  2.6

Action                   || total
-------------------------++-------
Melee: Hand axe          ||    59
       Kick              ||     6
Invok: Depart the Abyss  ||     1
Armor: Leather armour    ||    11
       Scale mail        ||    18
Dodge: Dodged            ||    48
